AoeStats
← Tatycomendo

Black Forest

504608402Analyzed
2v2 RM · 1mo ago on Sep 5, 2026· 60m 35s· 4 players
Game mode
Random Map
Map size
Medium (4 player)
Population
200
Speed
Normal
Resources
Standard
Victory
Conquest
Starting age
Dark Age
Ending age
Imperial Age
RankedLock teamsTeams togetherTeam positionsShared explorationLock speedFull tech treeHidden civsTurbo modeCheats
Victory
Defeat
🇧🇷 Hindustanis · Brazil
785
+7
🇧🇷 Khmer · Brazil
516
+18
vs
🇨🇴 Persians · Colombia
581
-13
🇨🇴 Spanish · Colombia
548
-12
jotape07
0:45 Loom
14:59 Feudal Age
20:38 Castle Age
19:54 Double-Bit Axe
20:47 Wheelbarrow
20:24 Horse Collar
27:17 Gold Mining
27:39 Stone Mining
31:45 Bow Saw
32:56 Fortified Wall
37:56 Imperial Age
36:04 Pikeman
38:32 Halberdier
39:13 Squires
43:23 Chemistry
42:44 Ballistics
42:15 Guard Tower
42:36 Masonry
45:47 Elite Conquistador
46:48 Conscription
47:29 Keep
47:15 Bombard Tower
46:41 Arrowslits
47:26 Architecture
46:52 Murder Holes
49:57 Forging
49:53 Scale Barding Armor
49:49 Scale Mail Armor
52:39 Hand Cart
52:11 Town Watch
55:52 Capped Ram
58:37 Iron Casting
58:18 Chain Mail Armor
58:24 Chain Barding Armor
57:32 Siege Ram
jlch
0:34 Loom
12:06 Feudal Age
17:55 Castle Age
17:44 Horse Collar
17:53 Double-Bit Axe
20:08 Heavy Plow
31:53 Imperial Age
29:11 Town Watch
30:26 Gold Mining
30:27 Stone Mining
30:55 Bow Saw
30:53 Caravan
31:22 Masonry
32:01 Gold Shaft Mining
33:25 Wheelbarrow
32:52 Town Patrol
33:32 Stone Shaft Mining
34:01 Two-Man Saw
33:42 Crop Rotation
34:54 Chemistry
34:17 Ballistics
34:29 Hand Cart
35:49 Architecture
38:32 Conscription
37:48 Pikeman
39:19 Squires
39:04 Gambesons
39:06 Arson
39:37 Halberdier
48:34 Scale Barding Armor
48:30 Padded Archer Armor
48:41 Forging
48:23 Fletching
49:21 Bloodlines
49:12 Husbandry
48:33 Heavy Camel Rider
51:17 Leather Archer Armor
51:38 Iron Casting
52:49 Crossbowman
53:34 Thumb Ring
53:39 Light Cavalry
55:29 Conscription
55:28 Kamandaran
55:49 Elite Skirmisher
grug
7:09 Loom
10:03 Feudal Age
16:58 Castle Age
18:00 Stone Mining
18:02 Double-Bit Axe
26:29 Gold Mining
26:31 Horse Collar
29:51 Scale Barding Armor
33:06 Imperial Age
31:04 Forging
32:51 Husbandry
32:59 Heavy Plow
34:45 Chain Barding Armor
35:15 Gold Shaft Mining
35:17 Wheelbarrow
35:25 Bloodlines
36:59 Heavy Camel Rider
40:20 Chemistry
39:58 Plate Barding Armor
39:59 Iron Casting
42:25 Siege Elephant
43:44 Shatagni
45:55 Fletching
46:23 Hand Cart
45:54 Town Watch
46:35 Masonry
47:31 Conscription
47:23 Bodkin Arrow
47:20 Light Cavalry
Tatycomendo
0:38 Loom
14:13 Feudal Age
16:49 Town Watch
17:40 Wheelbarrow
17:34 Double-Bit Axe
21:21 Padded Archer Armor
21:27 Scale Barding Armor
21:34 Forging
21:24 Scale Mail Armor
22:07 Gold Mining
22:11 Horse Collar
22:27 Stone Mining
26:22 Castle Age
25:01 Fletching
25:05 Man-at-Arms
25:31 Arson
28:18 Pikeman
29:44 Light Cavalry
31:18 Murder Holes
31:51 Heated Shot
32:12 Fortified Wall
32:45 Gold Shaft Mining
32:48 Stone Shaft Mining
36:50 Bow Saw
38:37 Town Patrol
41:10 Imperial Age
40:37 Leather Archer Armor
40:57 Iron Casting
40:37 Chain Mail Armor
40:43 Chain Barding Armor
40:19 Bodkin Arrow
41:00 Coinage
40:30 Caravan
40:27 Crossbowman
41:41 Bloodlines
41:32 Husbandry
41:52 Elite Ballista Elephant
42:16 Elite Skirmisher
42:17 Arbalester
46:23 Banking
45:28 Heavy Scorpion
46:16 Tusk Swords
46:21 Cavalier
49:03 Ring Archer Armor
48:33 Bracer
49:34 Blast Furnace
49:24 Double Crossbow
50:46 Chemistry
50:06 Ballistics
Connection lost

Rejoining the realm…

Still unreachable

The connection could not be restored.

Session expired

The server has moved on; the page needs a fresh start.